 Dungeon Crawl Stone Soup version 0.26.0-10-g1f06aea511 (webtiles) character file.

Game seed: 8006396969477332140

0 sanka the Sneak (level 1, 0/21 HPs)
             Began as a Naga Delver on Jan 20, 2021.
             Slain by an adder (4 damage)
             ... on level 5 of the Dungeon.
             The game lasted 00:00:15 (51 turns).

sanka the Sneak (Naga Delver)                         Turns: 51, Time: 00:00:16

Health: 0/21       AC:  1    Str: 14    XL:     1   Next: 10%
Magic:  1/1        EV:  9    Int: 10    God:
Gold:   9          SH:  0    Dex: 12    Spells: 0/0 levels left

rFire    . . .     SeeInvis +   a - +0 hand axe
rCold    . . .     Faith    .   (no shield)
rNeg     . . .     Spirit   .   b - +0 leather armour
rPois    +         Reflect  .   (no helmet)
rElec    .         Harm     .   (no cloak)
rCorr    .         Rampage  .   (no gloves)
Will     .....                  (no barding)
Stlth    +++.......             (no amulet)
HPRegen  0.07/turn              (no ring)
MPRegen  0.07/turn              (no ring)

@: very slow
A: large, see invisible, deformed body, poison resistance, slowness 2, spit
poison 1, AC +0
a: Spit Poison


You were on level 5 of the Dungeon.
You visited 1 branch of the dungeon, and saw 2 of its levels.

You collected 9 gold pieces.


Innate Abilities, Weirdness & Mutations

You cannot wear boots.
Your serpentine skin is tough. (AC +0)
You have supernaturally acute eyesight. (SInv)
Armour fits poorly on your strangely shaped body.
Your system is resistant to poisons. (rPois)
You cover ground very slowly.
You can spit poison.


   Skills:
 - Level 3.0 Fighting
 - Level 2.0 Axes
 - Level 1.5 Dodging
 + Level 7.3 Stealth


You couldn't memorise any spells.
You didn't know any spells.
Your spell library was empty.

Inventory:

Hand Weapons
 a - a +0 hand axe (weapon)
Armour
 b - a +0 leather armour (worn)
Wands
 g - a wand of digging (3)
Scrolls
 c - a scroll of fog
 d - a scroll of magic mapping
 e - a scroll of fear
Potions
 f - a potion of haste {@q3}

Dungeon Overview and Level Annotations

Branches:
Dungeon (5/15)
 Temple: D:4-7

Altars:

▒.▒..▒.▒
▒.▒.▒▒.▒
▒▒.▒.▒▒.▒
▒.......▒
▒▒▒▒.▒▒.▒▒.▒
▒.....†<▒▒.▒▒▒
▒.▒▒.▒▒o.....▒
.▒.▒▒.▒▒S▒▒<▒...
.......N....▒
.▒?▒▒.▒▒.▒▒▒▒
......▒ ▒▒▒.▒▒▒▒
▒.


You could see an adder and an orc.


Message History

The frilled lizard bites you.
You climb downwards.
There is a stone staircase leading up here.
Unknown command.
You hit the frilled lizard.
You kill the frilled lizard!
No target in view!
No target in view!
You start resting.
HP restored.
You climb upwards.
The adder closely misses you. The orc hits you but does no damage.
The adder barely misses you.
There is a stone staircase leading down here.
Unknown command.
The adder closely misses you. The orc hits you.
You climb downwards.
There is a stone staircase leading up here.
The adder barely misses you. The adder bites you. The adder bites you.
The adder bites you.
* * * LOW HITPOINT WARNING * * *
The orc hits you.
* * * LOW HITPOINT WARNING * * *
Found a scroll labelled SUIWYZ OMIKLU.
The adder bites you.
You die...

Action                   || total
-------------------------++-------
Melee: Hand axe          ||     1
Armor: Leather armour    ||     1
Dodge: Dodged            ||     4

Levels and vault maps discovered:
D:4:      layout_loops_cross, gammafunk_temple_overflow_pools,
          nzn_hepliaklqana_mist_gate, temple_green
D:5:      layout_loops_cross, dk_noncrumbling_4, ebering_dispersal_statue_hall

Notes
Turn   | Place    | Note
-------+----------+-------------------------------------------
     0 | D:5      | sanka the Naga Delver began the quest for the Orb.
     0 | D:5      | Reached XP level 1. HP: 21/21 MP: 1/1
    51 | D:5      | Slain by an adder

Vanquished Creatures
  A frilled lizard (D:5)
1 creature vanquished.

Table legend: (Time is in decaauts)
 A = Elapsed time spent in this place.
 B = Non-inter-level travel time spent in this place.
 C = Inter-level travel time spent in this place.
 D = Time resting spent in this place.
 E = Time spent auto-exploring this place.
 F = Levels seen in this place.
 G = Mean time per level.
                   A        B        C        D        E       F      G
               +--------+--------+--------+--------+--------+-----+--------+
         Total |     65 |     61 |      4 |      8 |     38 |   2 |   32.5 |
       Dungeon |     65 |     61 |      4 |      8 |     38 |   2 |   32.5 |
               +--------+--------+--------+--------+--------+-----+--------+

Top non-repeatable levels by time:
     D:5: 60 daAuts
     D:4: 5 daAuts
